 Dungeon Crawl Stone Soup version 0.24-a0-458-gfcb5e6da0e (webtiles) character file.

Game seed: 12068711817812395705

412 Cecky the Slasher (level 6, -3/49 HPs)
             Began as a Demonspawn Abyssal Knight on June 16, 2019.
             Was a Believer of Lugonu.
             Slain by a river rat (4 damage)
             ... summoned by Eustachio
             ... on level 5 of the Dungeon on June 27, 2019.
             The game lasted 00:09:48 (4367 turns).

Cecky the Slasher (Demonspawn Abyssal Knight)       Turns: 4367, Time: 00:09:48

Health: -3/49      AC: 10    Str: 16      XL:     6   Next: 59%
Magic:  8/8        EV:  7    Int: 14      God:    Lugonu [**....]
Gold:   285        SH:  0    Dex: 11 (12) Spells: 5/5 levels left

rFire    . . .     SeeInvis +   a - +1 falchion
rCold    . . .     Gourm    .   (no shield)
rNeg     . . .     Faith    .   w - +0 chain mail
rPois    .         Spirit   .   o - +2 hat
rElec    +         Reflect  .   (no cloak)
rCorr    .         Harm     .   (no gloves)
MR       .....                  (no boots)
Stlth    ..........             m - amulet of the acrobat
HPRegen  0.16/turn              d - ring of stealth
MPRegen  0.11/turn              g - +2 ring of strength

@: no status effects
A: antennae 1, see invisible, mutation resistance 1, electricity resistance
a: Depart the Abyss, Bend Space, Renounce Religion


You were on level 5 of the Dungeon.
You worshipped Lugonu.
Lugonu was pleased with you.
You were not hungry.

You visited 1 branch of the dungeon, and saw 5 of its levels.
You visited the Abyss 1 time.

You collected 285 gold pieces.

Inventory:

Hand Weapons
 a - a +1 falchion (weapon)
 p - a +0 club
Armour
 o - a +2 hat (worn)
 w - a +0 chain mail (worn)
Jewellery
 d - a ring of stealth (left hand)
 g - a +2 ring of strength (right hand)
 m - an amulet of the acrobat (around neck)
Wands
 l - a wand of flame (27)
 v - a wand of random effects (25)
Scrolls
 b - a scroll of fog {unknown}
 f - 4 scrolls of remove curse
 h - 3 scrolls of teleportation {unknown}
 i - 6 scrolls of identify {unknown}
 j - 3 scrolls of immolation {unknown}
 k - 2 scrolls of blinking {unknown}
 q - 2 scrolls of fear {unknown}
Potions
 e - 3 potions of flight
 n - a potion of brilliance {unknown}
 s - a potion of might {unknown}
 t - a potion of lignification {unknown}
 u - 2 potions of berserk rage {unknown}
Comestibles
 c - 2 rations


   Skills:
 + Level 4.3 Fighting
 + Level 4.6 Long Blades
 + Level 2.2 Armour
 - Level 0.8 Dodging
 + Level 2.5 Stealth
 + Level 3.2 Invocations


You had 5 spell levels left.
You didn't know any spells.
Your spell library was empty.

Dungeon Overview and Level Annotations

Branches:
Dungeon (5/15)
 Temple: D:4-7

Altars:
Hepliaklqana
Makhleb
Ru
Uskayaw
Yredelemnul
Zin

Annotations:
D:3 Ijyb, Purgy
D:5 Eustachio


Innate Abilities, Weirdness & Mutations

You have a pair of small antennae on your head.
You have supernaturally acute eyesight. (SInv)
You are somewhat resistant to further mutation.
You are resistant to electric shocks. (rElec)


Message History

You hit Eustachio.
Eustachio is almost dead.
The bat hits you but does no damage. Eustachio hits you with a +0 rapier.
* * * LOW HITPOINT WARNING * * *
The river rat bites you.
* * * LOW HITPOINT WARNING * * *
You closely miss Eustachio.
Eustachio is almost dead.
The bat barely misses you. The bat closely misses you.
Eustachio barely misses you.
You riposte.
Your chain mail prevents you from hitting Eustachio.
Eustachio is almost dead.
The river rat bites you but does no damage.
You closely miss Eustachio.
Eustachio is almost dead.
The ufetubus disappears in a puff of smoke!
The bat hits you but does no damage. x2; Eustachio hits you with a +0 rapier.
* * * LOW HITPOINT WARNING * * *
The river rat bites you.
You die...

.# .# ..#.# #.#.# #.#.#
...# #..# #######..#.#.
........b#.#.
########@#.#. ##
#@rr..... ###b##.####
{.....>..
##########.###.########
#......................
#.########.###.####..##
#.# #..##.# # #.#
##.##r#


You could see Eustachio, a river rat, 2 bats and a rat.

Vanquished Creatures
  A necrophage (D:5)
  A centaur (D:3)
  A hound (D:2)
  A centaur skeleton (D:5)
  An iguana (D:4)
  Robin (D:3)
  4 gnolls (D:4)
  A howler monkey skeleton (D:4)
  2 adders (D:2)
  2 oozes
  An adder skeleton (D:4)
  A dart slug (D:2)
  2 leopard geckos
  7 orcs
  A ball python (D:4)
  3 giant cockroaches
  14 goblins
  6 hobgoblins
  5 kobolds
  A quokka (D:3)
  6 bats
  5 frilled lizards
  4 rats (D:1)
71 creatures vanquished.

Notes
Turn   | Place    | Note
-------+----------+-------------------------------------------
     0 | Abyss:1  | Cecky the Demonspawn Abyssal Knight began the quest for the
                  | Orb.
     0 | Abyss:1  | Reached XP level 1. HP: 18/18 MP: 2/2
    65 | Abyss:1  | Noticed a large abomination
    75 | D:1      | Escaped the Abyss
   119 | D:1      | Reached * piety under Lugonu
   337 | D:1      | Gained mutation: You have a pair of small antennae on your
                  | head. [demonic ancestry]
   337 | D:1      | Reached XP level 2. HP: 23/24 MP: 2/4
   800 | D:2      | Reached XP level 3. HP: 22/29 MP: 5/5
  1160 | D:2      | Found a faded altar of an unknown god.
  1254 | D:2      | Found a burning altar of Makhleb.
  1266 | D:2      | Reached skill level 1 in Stealth
  1266 | D:2      | Reached XP level 4. HP: 23/37 MP: 6/6
  1716 | D:3      | Noticed Robin
  1734 | D:3      | Noticed a centaur
  1739 | D:3      | Killed Robin
  2154 | D:3      | Gained mutation: You have supernaturally acute eyesight.
                  | (SInv) [potion of mutation]
  2154 | D:3      | Gained mutation: You are resistant to electric shocks.
                  | (rElec) [potion of mutation]
  2154 | D:3      | Gained mutation: You are somewhat resistant to further
                  | mutation. [potion of mutation]
  2163 | D:3      | Killed a centaur
  2163 | D:3      | Reached ** piety under Lugonu
  2163 | D:3      | Reached XP level 5. HP: 8/42 MP: 7/7
  2621 | D:3      | Noticed Purgy
  2828 | D:3      | Found a basalt altar of Yredelemnul.
  2829 | D:3      | Found a hazy altar of Hepliaklqana.
  2829 | D:3      | Found a hide-covered altar of Uskayaw.
  2840 | D:3      | Found a glowing silver altar of Zin.
  2854 | D:3      | Noticed Ijyb
  3351 | D:4      | Reached XP level 6. HP: 31/48 MP: 8/8
  3827 | D:5      | Entered Level 5 of the Dungeon
  3840 | D:5      | Upgraded the game from 0.24-a0-434-gd57e52fea8 to
                  | 0.24-a0-458-gfcb5e6da0e
  4152 | D:5      | Found a sacrificial altar of Ru.
  4214 | D:5      | Noticed Eustachio
  4367 | D:5      | HP: 1/49 [Eustachio/+0 rapier (3)]
  4367 | D:5      | Slain by a river rat

Levels and vault maps discovered:
D:1:      eino_arrival_water_star, layout_loops_ring, serial_bayou_lake_a
D:2:      layout_rooms, chequers_ecumenical_altar_simple_redux,
          makhleb_blood_cavern_becter
D:3:      layout_basic, chequers_temple_overflow_statue_of_worship, uniq_robin,
          uniq_ijyb, uniq_purgy
D:4:      layout_basic, serial_curves, eino_curves_03, eino_curves_02,
          eino_curves_01
D:5:      layout_basic, nicolae_ru_awakened_eye, lemuel_round_altar,
          lemuel_coloured_pillars_altar, temple_hall, serial_shops, shop,
          first_ration, uniq_eustachio

Skill      XL: |  1  2  3  4  5  6 |
---------------+-------------------+-----
Invocations    | 3 |  3.2
Long Blades    | 2 3 4 |  4.6
Stealth        | 1 2 |  2.5
Fighting       | 4 |  4.3
Armour         | 2 |  2.2
Dodging        | |  0.8

Action                   |  1- 3 |  4- 6 || total
-------------------------+-------+-------++-------
Melee: Falchion          |    94 |   215 ||   309
Invok: Depart the Abyss  |     1 |       ||     1
       Bend Space        |       |     1 ||     1
  Use: Potion            |       |     6 ||     6
       Scroll            |       |     1 ||     1
 Stab: Sleeping          |     8 |     3 ||    11
  Eat: Chunk             |     1 |     5 ||     6
       Ration            |       |     2 ||     2
Armor: Leather armour    |    24 |    43 ||    67
       Chain mail        |       |    69 ||    69
Dodge: Dodged            |    57 |   182 ||   239
       Rpst.: Falchion   |    16 |    54 ||    70

Table legend:
 A = Non-vault XP
 B = Vault XP
 C = Vault XP percentage of total XP
 D = Non-vault monster count
 E = Vault monster count
 F = Vault count percentage of total count
                 A         B        C        D         E       F
            +---------+---------+-------+---------+---------+-------
      Total |     515 |      74 |  12.6 |      61 |      10 |  14.1
            +---------+---------+-------+---------+---------+-------
        D:1 |      37 |       0 |   0.0 |      20 |       0 |   0.0
        D:2 |      45 |      42 |  48.3 |      12 |       1 |   7.7
        D:3 |     141 |      32 |  18.5 |      14 |       9 |  39.1
        D:4 |     127 |       0 |   0.0 |      13 |       0 |   0.0
        D:5 |     165 |       0 |   0.0 |       2 |       0 |   0.0
            +---------+---------+-------+---------+---------+-------
